 Dungeon Crawl Stone Soup version 0.18.1-8-gdd0e5ea (webtiles) character file.

2352 striepan the Cleaver (level 9, -2/70 HPs)
             Began as a Minotaur Fighter on May 28, 2016.
             Was an Initiate of Okawaru.
             Slain by Prince Ribbit (12 damage)
             ... on level 7 of the Dungeon.
             The game lasted 00:37:39 (7263 turns).

striepan the Cleaver (Minotaur Fighter)             Turns: 7263, Time: 00:37:40

Health: -2/70      AC: 12    Str: 25    XL:     9   Next: 20%
Magic:  8/8        EV:  6    Int:  5    God:    Okawaru [......]
Gold:   304        SH:  0    Dex:  9    Spells: 0 memorised, 8 levels left

rFire  . . .     SeeInvis .     s - +0 battleaxe
rCold  . . .     Gourm    .     E - +0 plate armour
rNeg   . . .     Faith    .     (shield currently unavailable)
rPois  .         Spirit   .     (helmet restricted)
rElec  .         Dismiss  .     B - +0 cloak
rCorr  +         Reflect  .     (no gloves)
SustAt .         Harm     .     (no boots)
MR     .....                    (no amulet)
Stlth  ..........               w - ring of resist corrosion
                                t - ring of stealth

@: not resistant to hostile enchantments, extremely unstealthy
A: retaliatory headbutt, horns 2
a: Renounce Religion


You were on level 7 of the Dungeon.
You worshipped Okawaru.
Okawaru was noncommittal.
You were very hungry.

You visited 2 branches of the dungeon, and saw 8 of its levels.

You collected 304 gold pieces.

Inventory:

Hand Weapons
 a - a +0 war axe
 l - a +2 mace of protection
 s - a +0 battleaxe (weapon)
 u - a +0 flail
Armour
 b - a +0 scale mail
 c - a +0 shield
 A - a +0 chain mail
 B - a +0 cloak (worn)
 E - a +0 plate armour (worn)
Jewellery
 t - a ring of stealth (left hand)
 w - a ring of resist corrosion (right hand)
Wands
 F - a wand of random effects (32/48)
Scrolls
 i - a scroll of identify
 k - 2 scrolls of teleportation {unknown}
 m - 2 scrolls of fog {unknown}
 n - 2 scrolls of amnesia {unknown}
 o - a scroll of blinking {unknown}
 q - 3 scrolls of enchant armour
 r - 4 scrolls of recharging {unknown}
 v - 3 scrolls of remove curse {unknown}
 x - a scroll of immolation {unknown}
 C - a scroll of fear {unknown}
 H - a scroll of magic mapping {unknown}
 J - a scroll of vulnerability {unknown}
Potions
 d - 2 potions of heal wounds {unknown}
 e - 3 potions of flight
 h - 2 potions of curing
 j - 2 potions of degeneration {unknown}
 p - 3 potions of agility {unknown}
 z - a potion of invisibility {unknown}
 G - 2 potions of magic {unknown}
Books
 y - a book of Cantrips

   Spells                             Type                      Level
   a - Corona                         Hexes                        1
   b - Animate Skeleton               Necromancy                   1
   c - Summon Small Mammal            Summoning                    1
   d - Apportation                    Translocation                1
 D - a book of the Tempests

   Spells                             Type                      Level
   a - Static Discharge               Conjuration/Air              3
   b - Lightning Bolt                 Conjuration/Air              5
   c - Fireball                       Conjuration/Fire             5
   d - Tornado                        Air                          9
   e - Shatter                        Earth                        9
Comestibles
 f - 7 bread rations
 g - 6 meat rations
 I - 3 fruits


   Skills:
 + Level 3.6 Fighting
 - Level 14.2 Axes
 + Level 3.6 Armour
 - Level 3.6 Shields


You had 8 spell levels left.
You didn't know any spells.

Dungeon Overview and Level Annotations

Branches:
Dungeon (7/15)             Temple (1/1) D:7

Altars:
Ashenzari
Cheibriados
Dithmenos
Elyvilon
Fedhas
Gozag
Kikubaaqudgha
Makhleb
Okawaru
Pakellas
Qazlal
Ru
Sif Muna
Vehumet
Yredelemnul
The Shining One

Annotations:
D:7 Prince Ribbit


Innate Abilities, Weirdness & Mutations

You reflexively headbutt those who attack you in melee.
You have a pair of horns on your head.


Message History

Prince Ribbit hits you but does no damage.
Prince Ribbit lets out a mournful croak.
Prince Ribbit hits you.
Your plate armour prevents you from hitting Prince Ribbit.
Prince Ribbit is moderately wounded.
Prince Ribbit hits you!
* * * LOW HITPOINT WARNING * * *
Your plate armour prevents you from hitting Prince Ribbit.
Prince Ribbit is moderately wounded.
Prince Ribbit hits you.
* * * LOW HITPOINT WARNING * * *
Prince Ribbit hits you.
* * * LOW HITPOINT WARNING * * *
You slash Prince Ribbit!
Prince Ribbit is severely wounded.
Prince Ribbit hits you but does no damage.
You barely miss Prince Ribbit. Your headbutt misses Prince Ribbit.
Prince Ribbit is severely wounded.
Prince Ribbit hits you!
You die...

*,,,,,,*,,** *,,,,_* ##.
,,,,,,,,,** *#..#** ##..
,,,,,,,,** *...,_* ##...
,,,,,,,** *8..8** ###....
,,,,,,,* *..,** #....._
,,,,,,** *.#** *,#....
,,,,,,* ##.# *,##...
,,,,,,* #F.# *,*##..
,,,,,,#** #@#* #,* ##.
,,,,,,..#** #.# #.###..
,,,,,*#...######.# #......
,,,,**##.........# ####..#
*,,** #.......#### ##...
*,** #.........### ####..#.
***
#..........F########..[..##
###....####...##......##...
#####* ###.......##*##.[


You could see Prince Ribbit.

Vanquished Creatures
  The ghost of ThereIsNoGod the Skirmisher, a novice GrFi of Okawaru (D:5)
  A hungry ghost (D:7)
  Menkaure (D:4)
  3 water moccasins
  2 orc warriors
  An ice beast (D:6)
  A phantom (D:5)
  3 giant frogs (D:7)
  A water moccasin skeleton (D:6)
  2 scorpions
  3 howler monkeys (D:7)
  3 jellies
  3 crimson imps
  An orc priest (D:7)
  A centaur skeleton (D:6)
  2 iguanas
  3 orc wizards
  3 worker ants
  A hound skeleton (D:4)
  A howler monkey zombie (D:6)
  2 worker ant zombies
  6 adders
  A shadow imp (D:6)
  2 oozes (D:1)
  A worm (D:2)
  7 giant geckos
  24 orcs
  4 giant cockroaches
  9 goblins
  8 hobgoblins
  11 jackals
  A quokka (D:5)
  A ball python (D:6)
  10 bats
  8 giant newts
  10 kobolds
  8 rats
150 creatures vanquished.

Notes
Turn   | Place    | Note
--------------------------------------------------------------
     0 | D:1      | striepan the Minotaur Fighter began the quest for the Orb.
     0 | D:1      | Reached XP level 1. HP: 19/19 MP: 0/0
     7 | D:1      | Reached skill level 3 in Axes
    16 | D:1      | Reached XP level 2. HP: 26/26 MP: 1/1
   171 | D:1      | Reached skill level 4 in Axes
   259 | D:1      | Reached XP level 3. HP: 31/31 MP: 2/2
   917 | D:2      | Reached skill level 5 in Axes
   956 | D:2      | Found a runed door.
   956 | D:2      | Noticed a human
   964 | D:2      | Found a basalt altar of Yredelemnul.
  1130 | D:2      | Found a sacrificial altar of Ru.
  1623 | D:3      | Reached XP level 4. HP: 39/39 MP: 3/3
  1656 | D:3      | Found a burning altar of Makhleb.
  2129 | D:3      | Reached skill level 6 in Axes
  2628 | D:4      | Reached XP level 5. HP: 44/45 MP: 4/4
  2706 | D:4      | Noticed Menkaure
  2710 | D:4      | Killed Menkaure
  2710 | D:4      | Reached skill level 7 in Axes
  2798 | D:4      | You fall through a shaft for 2 floors!
  2805 | D:6      | Reached XP level 6. HP: 46/51 MP: 5/5
  2864 | D:6      | Reached skill level 8 in Axes
  2868 | D:6      | Noticed an ice beast
  2883 | D:5      | Entered Level 5 of the Dungeon
  3275 | D:5      | Reached skill level 9 in Axes
  3403 | D:5      | Reached XP level 7. HP: 33/57 MP: 6/6
  3664 | D:5      | Noticed ThereIsNoGod's ghost (novice GrFi)
  3848 | D:6      | Found a deep blue altar of Sif Muna.
  3912 | D:6      | Reached skill level 10 in Axes
  4121 | D:6      | Reached skill level 11 in Axes
  4394 | D:6      | Reached XP level 8. HP: 62/64 MP: 7/7
  4498 | D:6      | Found a glowing golden altar of the Shining One.
  4749 | D:6      | Found a glowing golden altar of the Shining One.
  4758 | D:6      | Found a basalt altar of Yredelemnul.
  5060 | D:6      | Found a white marble altar of Elyvilon.
  5113 | D:6      | Reached skill level 12 in Axes
  5281 | D:6      | Noticed an angel
  5520 | D:7      | Noticed Prince Ribbit
  5715 | D:7      | Found a blossoming altar of Fedhas.
  5719 | D:7      | Found a radiant altar of Vehumet.
  5826 | D:7      | Found a snail-covered altar of Cheibriados.
  5907 | D:7      | Reached skill level 13 in Axes
  6062 | D:7      | Found a staircase to the Ecumenical Temple.
  6071 | Temple   | Entered the Ecumenical Temple
  6141 | Temple   | Became a worshipper of Warmaster Okawaru
  6342 | D:7      | Reached XP level 9. HP: 70/70 MP: 8/8
  6425 | D:7      | Found an oddly glowing altar of Pakellas.
  6754 | D:5      | Killed ThereIsNoGod's ghost
  6754 | D:5      | Reached skill level 14 in Axes
  6847 | D:7      | Found an oddly glowing altar of Pakellas.
  6968 | D:7      | Found a snail-covered altar of Cheibriados.
  7075 | D:7      | Found a staircase to the Ecumenical Temple.
  7263 | D:7      | Slain by Prince Ribbit

Skill      XL: |  1  2  3  4  5  6  7  8  9 |
---------------+----------------------------+-----
Axes           | 3 4 5 6 7 9 11 13 14 | 14.2
Fighting       | |  3.6
Armour         | |  3.6
Shields        | |  3.6

Action                   |  1- 3 |  4- 6 |  7- 9 || total
-------------------------+-------+-------+-------++-------
Melee: War axe           |   101 |   135 |   227 ||   463
       Headbutt          |    12 |    18 |    33 ||    63
       Battleaxe         |       |       |    51 ||    51
  Use: Potion            |       |     1 |       ||     1
       Scroll            |       |       |     3 ||     3
  Eat: Chunk             |     2 |     6 |    13 ||    21
       Royal jelly       |       |       |     1 ||     1
Armor: Scale mail        |    43 |    39 |    18 ||   100
       Plate armour      |       |       |    79 ||    79
       Chain mail        |       |       |     7 ||     7
Dodge: Dodged            |    34 |    39 |    37 ||   110
Block: Shield            |    74 |    65 |    92 ||   231
